 Dungeon Crawl Stone Soup version 0.21.1-1-g345015f (webtiles) character file.

942 letownia2 the Insei (level 8, 0/90 HPs)
             Began as a Merfolk Transmuter on Mar 15, 2018.
             Succumbed to an orc wizard's poison
             ... on level 5 of the Dungeon.
             The game lasted 00:19:13 (2123 turns).

letownia2 the Insei (Merfolk Transmuter)            Turns: 2123, Time: 00:19:14

Health: 0/90       AC: 24    Str: 14    XL:     8   Next: 12%
Magic:  9/9        EV:  2    Int: 17    God:
Gold:   257        SH:  0    Dex: 14    Spells: 4/11 levels left

rFire    . . .     SeeInvis .     - Unarmed
rCold    . . .     Gourm    .   (no shield)
rNeg     + + +     Faith    .   (armour currently unavailable)
rPois    +         Spirit   .   (helmet currently unavailable)
rElec    .         Reflect  .   (cloak currently unavailable)
rCorr    +         Harm     .   (gloves currently unavailable)
MR       .....     NoTele   +   (boots currently unavailable)
Stlth    +.........             (no amulet)
HPRegen  0.25/turn              k - ring of resist corrosion
MPRegen  0.11/turn              h - +4 ring of intelligence

@: lethally poisoned (0 -> -14), tree-form, berserk cooldown, slowed, very slow
A: (change form in water), (swift swim), (stealthy swim), low mp 1, strong 1
a: no special abilities


You were on level 5 of the Dungeon.
You were hungry.
You were a tree.
You visited 1 branch of the dungeon, and saw 6 of its levels.
You also visited: Sewer.

You collected 257 gold pieces.

Inventory:

Hand Weapons
 q - a cursed -1 blowgun
 v - a +2 rapier of venom
 z - a +0 trident
Missiles
 a - 79 arrows
 r - 4 poisoned needles
 s - 30 stones
 u - 24 sling bullets
 B - 6 tomahawks (quivered)
Armour
 b - a +0 robe (melded)
 p - a +0 leather armour
 t - a +1 robe of resistance
 y - a +0 leather armour
 A - a +0 scale mail
Jewellery
 h - a +4 ring of intelligence (right branch)
 k - a ring of resist corrosion (left branch)
 n - an uncursed amulet of harm
Scrolls
 e - a scroll of random uselessness {unknown}
 f - 3 scrolls of remove curse {unknown}
 g - 3 scrolls of fear {unknown}
 i - a scroll of magic mapping {unknown}
 m - 3 scrolls of identify {unknown}
 w - a scroll of teleportation {unknown}
Potions
 l - 5 potions of lignification
Books
 c - a book of Changes

   Spells                             Type                      Level
   a - Beastly Appendage              Transmutation                1
   b - Sticks to Snakes               Transmutation                2
   c - Spider Form                    Transmutation/Poison         3
   d - Ice Form                       Ice/Transmutation            4
   e - Blade Hands                    Transmutation                5
 o - a book of Misfortune

   Spells                             Type                      Level
   a - Confusing Touch                Hexes                        1
   b - Confuse                        Hexes                        3
   c - Gell's Gravitas                Translocation                3
   d - Petrify                        Transmutation/Earth          4
   e - Metabolic Englaciation         Hexes/Ice                    5
   f - Yara's Violent Unravelling     Hexes/Transmutation          5
Comestibles
 d - 10 rations


   Skills:
 - Level 4.1 Fighting
 - Level 2.6 Dodging
 + Level 7.8 Unarmed Combat
 - Level 2.0 Spellcasting
 - Level 0.8 Hexes
 - Level 6.4 Transmutations
 - Level 2.1 Poison Magic


You had 4 spell levels left.
You knew the following spells:

 Your Spells              Type           Power        Failure   Level  Hunger
a - Beastly Appendage     Tmut           ###...       1%          1    #......
d - Confusing Touch       Hex            #.....       14%         1    #......
l - Sticks to Snakes      Tmut           ###.....     1%          2    ###....
p - Spider Form           Tmut/Pois      ###.......   10%         3    ###....


Dungeon Overview and Level Annotations

Branches:
Dungeon (6/15)
 Temple: D:4-7

Altars:
Elyvilon
Gozag
Makhleb
Sif Muna

Shops:
D:4 (

Annotations:
D:3 Sigmund; dscm's ghost, weakling DsNe
D:4 dscm's ghost, weakling DsNe
D:6 Dowan; Duvessa; Grinder


Innate Abilities, Weirdness & Mutations

((You revert to your normal form in water.))
((You are very nimble and swift while swimming.))
((You are very stealthy in the water. (Stealth+)))
((You are partially covered in slimy green scales. (AC +2)))
Your magical capacity is low. (-10% MP)
Your muscles are strong. (Str +2)


Message History

You smack something!
You punch something.
* * * LOW HITPOINT WARNING * * *
You feel very sick. Something hits you but does no damage.
The phantom blinks!
Unknown command.
You smack something!
You feel a bit more experienced.
* * * LOW HITPOINT WARNING * * *
You feel very sick.
You cannot move.
Unknown command.
You cannot move.
You cannot move.
You swing at nothing.
* * * LOW HITPOINT WARNING * * *
You feel sick.
You swing at nothing.
* * * LOW HITPOINT WARNING * * *
You feel sick.
You swing at nothing.
You die...

#.........#.
#....#...#.........#.
#....#...#.........#)
#....#...+.........#.
#....#...#.........+.
#....##..#.........##
#.....#..####'##.....
#.....#........†.....
#...♣)).....>..#.....
#....)#(.......#.....
#.....#(######.#.....
#.....)......########
#............#
#.......?....+
#............#
#............#
.....########..


There were no monsters in sight!

Vanquished Creatures
  Purgy (Sewer)
  A phantom (D:4)
  A centaur (D:5)
  A bullfrog (D:5)
  A scorpion (D:4)
  A howler monkey (D:5)
  2 hounds (D:4)
  5 orc wizards
  Jessica (D:1)
  2 iguanas (D:4)
  2 worker ants
  Natasha (twice) (D:3)
  6 adders
  An ooze (D:1)
  An adder skeleton (D:4)
  A dart slug (D:2)
  3 leopard geckos
  14 orcs
  13 bats
  4 giant cockroaches
  6 goblins
  5 hobgoblins
  A quokka (D:4)
  A ball python (D:4)
  A ball python skeleton (D:4)
  3 frilled lizards
  13 kobolds
  5 rats
98 creatures vanquished.

Vanquished Creatures (others)
  3 fungi (D:2)
  10 toadstools (D:2)
13 creatures vanquished.

Grand Total: 111 creatures vanquished

Notes
Turn   | Place    | Note
-------+----------+-------------------------------------------
     0 | D:1      | letownia2 the Merfolk Transmuter began the quest for the Orb.
     0 | D:1      | Reached XP level 1. HP: 15/15 MP: 3/3
    51 | D:1      | Reached XP level 2. HP: 17/21 MP: 3/5
    72 | D:2      | Noticed Jessica
    81 | D:1      | Killed Jessica
    81 | D:1      | Reached XP level 3. HP: 5/26 MP: 3/6
    87 | D:1      | Learned a level 3 spell: Spider Form
   278 | D:2      | Reached skill level 1 in Poison Magic
   353 | D:2      | Reached XP level 4. HP: 19/32 MP: 1/7
   372 | D:2      | Reached skill level 5 in Transmutations
   590 | D:2      | Learned a level 1 spell: Confusing Touch
   786 | D:3      | Noticed dscm's ghost (weakling DsNe)
   889 | D:2      | Learned a level 2 spell: Sticks to Snakes
  1005 | D:3      | Reached XP level 5. HP: 16/37 MP: 2/8
  1022 | D:3      | Noticed Natasha
  1295 | D:3      | Killed Natasha
  1320 | D:3      | Noticed Natasha
  1327 | D:3      | Killed Natasha
  1336 | D:3      | Noticed Sigmund
  1351 | D:4      | Reached skill level 4 in Unarmed Combat
  1444 | D:4      | Gained mutation: Your magical capacity is low. (-10% MP) [potion of mutation]
  1444 | D:4      | Gained mutation: You are partially covered in slimy green scales. (AC +2) [potion of mutation]
  1444 | D:4      | Gained mutation: Your muscles are strong. (Str +2) [potion of mutation]
  1457 | D:4      | Reached XP level 6. HP: 41/44 MP: 4/8
  1467 | D:4      | Noticed a phantom
  1495 | D:4      | Found Wofra's Antique Weapon Emporium.
  1513 | D:4      | Killed a phantom
  1513 | D:4      | Reached skill level 5 in Unarmed Combat
  1553 | D:4      | Reached XP level 7. HP: 41/52 MP: 5/9
  1619 | D:4      | Found a glowing drain.
  1694 | Sewer    | Entered a sewer
  1727 | Sewer    | Noticed Purgy
  1740 | Sewer    | Killed Purgy
  1740 | Sewer    | Reached skill level 6 in Unarmed Combat
  1800 | D:5      | Entered Level 5 of the Dungeon
  1834 | D:4      | Found an opulent altar of Gozag.
  1834 | D:4      | Found a deep blue altar of Sif Muna.
  1835 | D:4      | Found a burning altar of Makhleb.
  1920 | D:4      | Noticed dscm's ghost (weakling DsNe)
  1946 | D:5      | Found a white marble altar of Elyvilon.
  1976 | D:5      | Reached skill level 7 in Unarmed Combat
  2092 | D:6      | Noticed Duvessa
  2092 | D:6      | Noticed Dowan
  2092 | D:6      | Noticed Grinder
  2107 | D:5      | Reached XP level 8. HP: 31/60 MP: 9/9
  2121 | D:5      | HP: 3/90 [poisoned by an orc wizard]
  2123 | D:5      | Succumbed to an orc wizard's poison

Skill      XL: |  1  2  3  4  5  6  7 |
---------------+----------------------+-----
Transmutations | 3 4 5 6 |  6.4
Poison Magic   | 1 2 |  2.1
Fighting       | 2 3 4 |  4.1
Unarmed Combat | 4 5 7 |  7.8
Dodging        | |  2.6
Spellcasting   | |  2.0
Hexes          | |  0.8

Action                   |  1- 3 |  4- 6 |  7- 9 || total
-------------------------+-------+-------+-------++-------
Melee: Unarmed           |    55 |   169 |    96 ||   320
       Headbutt          |     4 |     7 |       ||    11
       Punch             |       |     1 |     2 ||     3
Throw: Stone             |       |     2 |       ||     2
       Tomahawk          |       |       |     3 ||     3
 Cast: Beastly Appendage |     7 |     9 |       ||    16
       Spider Form       |     4 |    14 |     9 ||    27
       Confusing Touch   |       |     2 |       ||     2
  Use: Potion            |       |     8 |     2 ||    10
 Stab: Confused          |       |     1 |       ||     1
  Eat: Chunk             |       |     7 |     2 ||     9
Armor: Robe              |    12 |    18 |     1 ||    31
       Skin              |     1 |    15 |    13 ||    29
Dodge: Dodged            |    52 |   145 |    99 ||   296
